 Dungeon Crawl Stone Soup version 0.25-a0-786-g5b70d41e48 (webtiles) character file.

Game seed: 15901509343436630920, levelgen mode: deterministic

73 Brecoman the Insei (level 4, -1/35 HPs)
             Began as a Draconian Transmuter on Apr 8, 2020.
             Slain by Purgy (4 damage)
             ... on level 3 of the Dungeon on Apr 18, 2020.
             The game lasted 00:09:27 (2178 turns).

Brecoman the Insei (Draconian Transmuter)           Turns: 2178, Time: 00:09:27

Health: -1/35      AC:  8    Str: 12    XL:     4   Next: 8%
Magic:  3/7        EV: 13    Int: 14    God:
Gold:   103        SH:  0    Dex: 15    Spells: 4/7 levels left

rFire    . . .     SeeInvis .     - Unarmed
rCold    . . .     Gourm    .   (no shield)
rNeg     . . .     Faith    .   (armour unavailable)
rPois    .         Spirit   .   (helmet restricted)
rElec    .         Reflect  .   (no cloak)
rCorr    .         Harm     .   m - +2 pair of gloves {Dex+3}
MR       .....                  (no boots)
Stlth    +.........             (no amulet)
HPRegen  0.11/turn              d - ring of stealth
MPRegen  0.10/turn              (no ring)

@: very slow
A: unfitting armour, cold-blooded, AC +5
a: no special abilities


You were on level 3 of the Dungeon.
You were hungry.

You visited 1 branch of the dungeon, and saw 3 of its levels.
You also visited: Sewer.

You collected 103 gold pieces.

Inventory:

Missiles
 a - an arrow
 h - 51 stones (quivered)
 q - 33 poisoned darts
Armour
 m - a +2 pair of gloves of dexterity (worn)
Jewellery
 d - a ring of stealth (left hand)
Scrolls
 f - a scroll of enchant weapon
 j - a scroll of remove curse
 k - 2 scrolls of teleportation
Potions
 b - 2 potions of berserk rage {unknown}
 e - 2 potions of stabbing
 g - 3 potions of haste {unknown}
 i - a potion of brilliance {unknown}
 p - 2 potions of magic {unknown}
Comestibles
 c - 9 rations


   Skills:
 + Level 1.6 Fighting
 - Level 2.4 Dodging
 - Level 0.2 Stealth
 + Level 3.6 Unarmed Combat
 + Level 2.4 Spellcasting
 + Level 2.5 Transmutations


You had 4 spell levels left.
You knew the following spells:

 Your Spells              Type           Power        Failure   Level  Hunger
a - Beastly Appendage     Tmut           #.....       8%          1    #......
b - Sticks to Snakes      Tmut           #.......     12%         2    ###....

Your spell library contained the following spells:

 Spells                   Type           Power        Failure   Level  Hunger
 Spider Form              Tmut/Pois      #.........   38%         3    ###....
 Ice Form                 Ice/Tmut       #.......     80%         4    #####..
 Blade Hands              Tmut           #.........   91%         5    ######.


Dungeon Overview and Level Annotations

Branches:
Dungeon (3/15)              Sewer (visited)

Altars:

Annotations:
D:3 Purgy


Innate Abilities, Weirdness & Mutations

Your plain brown scales are hard. (AC +5)
You cannot fit into any form of body armour.
You are cold-blooded and may be slowed by cold attacks.


Message History

Purgy closely misses you. Purgy claws you but does no damage.
Purgy barely misses you.
Your ball python bites Purgy but does no damage.
Your ball python bites Purgy.
There is a gate leading back out of this place here.
Purgy bites you.
* * * LOW HITPOINT WARNING * * *
Purgy closely misses you. Purgy claws you but does no damage.
Welcome back to the Dungeon!
There is a collapsed entrance here.
You enter the shallow water.
Moving in this stuff is going to be slow.
You are feeling hungry.
Purgy barely misses you. x2; Purgy claws you but does no damage.
Purgy bites you but does no damage. Purgy closely misses you.
Purgy completely misses you. Purgy closely misses you. Purgy misses you.
Purgy claws you but does no damage.
All of the chunks of flesh in your inventory have rotted away.
Purgy bites you.
You die...

##≈######≈##
****,*****
#≈≈≈÷≈≈≈≈≈≈# *,,,,,*
#≈≈≈####≈≈≈# *****,*
##≈##≈≈##÷## *,*
#≈#≈≈.≈#≈# *,*
#≈#≈≈≈≈#≈#**** *,*
##≈##≈≈##≈##,,* *,*
#≈≈≈#≈T#≈≈≈#*,* *,*
#≈≈≈#≈≈@≈≈≈#*,* *,*
##≈######≈##*,* *,*
#.########**,** *,*
#.........,,,,*
*****,*
##..#####.**,,*
*,,,,,, #..# *,**,,*
*,*****
#..#####.##.,***,*****
#..÷÷.......,,,,,,,,,,
##.#####.###****,,***,


You could see Purgy.

Vanquished Creatures
  2 adders
  A river rat (D:3)
  A worm (D:2)
  2 leopard geckos
  8 bats
  5 giant cockroaches
  2 hobgoblins (D:1)
  4 jackals
  2 kobolds (D:1)
  4 frilled lizards (D:2)
  4 goblins
  A jackal skeleton (D:2)
  A leopard gecko skeleton (D:2)
  5 rats
42 creatures vanquished.

Vanquished Creatures (collateral kills)
  A leopard gecko (D:3)
  A bat (Sewer)
  A rat (D:3)
3 creatures vanquished.

Grand Total: 45 creatures vanquished

Notes
Turn   | Place    | Note
-------+----------+-------------------------------------------
     0 | D:1      | Brecoman the Draconian Transmuter began the quest for the
                  | Orb.
     0 | D:1      | Reached XP level 1. HP: 16/16 MP: 3/3
   159 | D:1      | Reached XP level 2. HP: 21/23 MP: 3/5
   779 | D:2      | Learned a level 2 spell: Sticks to Snakes
  1162 | D:2      | Reached XP level 3. HP: 28/28 MP: 4/6
  1289 | D:2      | Upgraded the game from 0.25-a0-731-g0472a16d6a to
                  | 0.25-a0-786-g5b70d41e48
  1903 | D:3      | Found a glowing drain.
  1909 | D:3      | Reached XP level 4. HP: 19/35 MP: 3/7
  1912 | Sewer    | Entered a sewer
  2057 | Sewer    | Noticed Purgy
  2178 | D:3      | Slain by Purgy

Levels and vault maps discovered:
D:1:      eino_arrival_druids_welcome, layout_basic
D:2:      layout_basic
D:3:      layout_loops_ring, gup_sewer_entry_bubbles

Skill      XL: |  1 |
---------------+----+-----
Dodging        | 2 |  2.4
Fighting       | |  1.6
Stealth        | |  0.2
Unarmed Combat | |  3.6
Spellcasting   | |  2.4
Transmutations | |  2.5

Action                   |  1- 3 |  4- 6 || total
-------------------------+-------+-------++-------
Melee: Unarmed           |   146 |    23 ||   169
       Tailslap          |    14 |     4 ||    18
       Headbutt          |     6 |       ||     6
       Kick              |     8 |     3 ||    11
       Punch             |     2 |     1 ||     3
 Cast: Beastly Appendage |    19 |     2 ||    21
       Sticks to Snakes  |     4 |     7 ||    11
  Use: Scroll            |     7 |       ||     7
 Stab: Sleeping          |     9 |       ||     9
  Eat: Chunk             |     4 |     1 ||     5
Armor: Skin              |    38 |    41 ||    79
Dodge: Dodged            |    86 |    54 ||   140

Table legend:
 A = Non-vault XP
 B = Vault XP
 C = Vault XP percentage of total XP
 D = Non-vault monster count
 E = Vault monster count
 F = Vault count percentage of total count
                 A         B        C        D         E       F
            +---------+---------+-------+---------+---------+-------
      Total |      64 |      41 |  39.0 |      32 |      13 |  28.9
            +---------+---------+-------+---------+---------+-------
        D:1 |      25 |       0 |   0.0 |      13 |       0 |   0.0
        D:2 |      38 |       0 |   0.0 |      18 |       0 |   0.0
        D:3 |       1 |      34 |  97.1 |       1 |       8 |  88.9
      Sewer |       0 |       7 | 100.0 |       0 |       5 | 100.0
            +---------+---------+-------+---------+---------+-------
